 Dungeon Crawl Stone Soup version 0.18.1-8-gdd0e5ea (webtiles) character file.

68 Firecrotchwizard the Skirmisher (level 4, 39/40 HPs)
             Began as a Hill Orc Fighter on June 12, 2016.
             Quit the game on level 2 of the Dungeon.
             The game lasted 00:03:07 (1393 turns).

Firecrotchwizard the Skirmisher (Hill Orc Fighter)  Turns: 1393, Time: 00:03:08

Health: 39/40      AC:  7    Str: 19    XL:     4   Next: 19%
Magic:  4/4        EV:  7    Int:  8    God:
Gold:   91         SH:  9    Dex:  7    Spells: 0 memorised, 3 levels left

rFire  . . .     SeeInvis .     a - +0 trident
rCold  . . .     Gourm    .     b - +0 scale mail
rNeg   . . .     Faith    .     c - +0 shield
rPois  .         Spirit   .     (no helmet)
rElec  .         Dismiss  .     (no cloak)
rCorr  .         Reflect  .     (no gloves)
SustAt .         Harm     .     (no boots)
MR     .....                    (no amulet)
Stlth  ..........               (no ring)
                                g - -3 ring of dexterity (curse)

@: not resistant to hostile enchantments, extremely unstealthy
A: no striking features
a: no special abilities


You were on level 2 of the Dungeon.
You were not hungry.

You visited 1 branch of the dungeon, and saw 2 of its levels.

You collected 91 gold pieces.

Inventory:

Hand Weapons
 a - a +0 trident (weapon)
Armour
 b - a +0 scale mail (worn)
 c - a +0 shield (worn)
Jewellery
 g - a cursed -3 ring of dexterity (left hand)
 h - an uncursed ring of protection from cold {unknown}
 s - a cursed -2 ring of evasion {unknown}
Scrolls
 e - a scroll of magic mapping {unknown}
 j - 4 scrolls of teleportation {unknown}
 k - 2 scrolls of enchant armour {unknown}
 o - a scroll of identify {unknown}
Potions
 d - 2 potions of might
 i - 3 potions of flight {unknown}
 m - a potion of degeneration {unknown}
 n - a potion of heal wounds {unknown}
 p - 3 potions of curing {unknown}
 q - a potion of cancellation {unknown}
 r - a potion of agility {unknown}
Comestibles
 f - a bread ration
 l - a beef jerky


   Skills:
 + Level 4.3 Fighting
 + Level 2.6 Polearms
 + Level 3.7 Armour
 + Level 1.0 Dodging
 + Level 3.9 Shields


You had 3 spell levels left.
You didn't know any spells.

Dungeon Overview and Level Annotations

Branches:
Dungeon (2/15)

Altars:


Message History

There is a stone staircase leading down here.
Found a hand axe.
You see here a hand axe.
You now have 91 gold pieces (gained 9).
r - an inky potion A giant gecko comes into view.
You puncture the giant gecko!
You kill the giant gecko!
Things that are here:
a robe; a giant gecko corpse
s - a sapphire ring
j - 4 scrolls labeled IWNOKL GIBBA (gained 1)
You see here a spear.
Done exploring.
Done exploring.
Quiver which item? (- for none, * to show all) (? for menu, Esc to quit)
Okay, then.
Drink which item? (? for menu, Esc to quit)
Okay, then.
Are you sure you want to abandon this character and quit the game? (Confirm with "yes".)

#..###.###.......##.# #. #..#
##.#........##.# #.
##..#####.##########.###########.
...............# #.............
.#..##########.# ############.#
....##########.###############...
.................................
....############.#############...
........# #@# ##..)...[ ....###.#
#.# #...###.# ...####.# #.#
###...###.# ........# #.#
#.......#.# ...###..# #.#
##.......#.# ...###..########.#
#..........# ...#.............#
#(##...##... ...#.#..##########
#.##...##... .###.#..####
#.##.#####..


There were no monsters in sight!

Vanquished Creatures
  3 adders (D:2)
  2 worms (D:2)
  2 dart slugs (D:1)
  A giant gecko (D:2)
  2 bats (D:1)
  8 goblins (D:1)
  6 hobgoblins
  4 kobolds
  3 rats
31 creatures vanquished.

Notes
Turn   | Place    | Note
--------------------------------------------------------------
     0 | D:1      | Firecrotchwizard the Hill Orc Fighter began the quest for the Orb.
     0 | D:1      | Reached XP level 1. HP: 19/19 MP: 1/1
   176 | D:1      | Reached skill level 4 in Fighting
   176 | D:1      | Reached XP level 2. HP: 16/27 MP: 2/2
   322 | D:1      | Reached XP level 3. HP: 25/33 MP: 3/3
  1175 | D:2      | Reached skill level 1 in Dodging
  1175 | D:2      | Reached XP level 4. HP: 23/40 MP: 4/4
  1393 | D:2      | Quit the game

Skill      XL: |  1  2  3 |
---------------+----------+-----
Fighting       | 4 |  4.3
Dodging        | 1 |  1.0
Polearms       | |  2.6
Armour         | |  3.7
Shields        | |  3.9

Action                   |  1- 3 |  4- 6 || total
-------------------------+-------+-------++-------
Melee: Trident           |   145 |    12 ||   157
  Eat: Bread ration      |     1 |       ||     1
Armor: Scale mail        |    55 |     5 ||    60
Dodge: Dodged            |    39 |     1 ||    40
Block: Shield            |    75 |     5 ||    80
